 Dungeon Crawl Stone Soup version 0.29.1-4-g47bece8355 (webtiles) character file.

Game seed: 7426553233031997214

17879 lmSkywalker the Nimble (level 12, 0/88 HPs)
             Began as a Djinni Fire Elementalist on Dec 5, 2022.
             Was a High Priest of Elyvilon.
             Slain by an ice devil (9 damage)
             ... in an ice cave on Dec 6, 2022.
             The game lasted 01:39:16 (23864 turns).

lmSkywalker the Nimble (Djinni Fire Elementalist)  Turns: 23864, Time: 01:39:17

Health: 0/88       AC: 11    Str:  7    XL:     12   Next: 88%
Gold:   768        EV: 17    Int: 19    God:    Elyvilon [*****.] SH: 10 Dex: 17

rFire   + + +      SeeInvis .   x - +3 dagger (venom)
rCold   + . .      Faith    .   y - +0 buckler
rNeg    . . .      Spirit   .   P - +2 robe {rF+}
rPois   ∞          Reflect  +   p - +2 hat {Stlth+}
rElec   .          Harm     .   D - +1 cloak
rCorr   .          Rampage  .   Q - +2 pair of gloves
Will    +....                   (boots unavailable)
Stlth   ++++......              F - amulet of reflection
HPRegen 0.24/turn               E - ring of protection from cold
MPRegen 0.00/turn               M - ring of protection from cold

@: marked, flying, invisible
A: sickness immunity, fire resistance 2, cold vulnerability 1, float, innate
caster, HP casting, extra vitality 1
a: Renounce Religion, Purification, Heal Other, Heal Self, Divine Vigour


You were in an ice cave.
You worshipped Elyvilon.
Elyvilon was extremely pleased with you.
You visited 3 branches of the dungeon, and saw 13 of its levels.
You also visited: Ice Cave.

You collected 867 gold pieces.
You spent 99 gold pieces at shops.

Inventory:

Hand Weapons
 x - a +3 dagger of venom (weapon)
 G - a +2 shortbow of freezing
Missiles
 t - 7 boomerangs of dispersal
Armour
 p - a +2 hat of stealth (worn)
 r - a scarf of invisibility
 y - a +0 buckler (worn)
 D - a +1 cloak (worn)
 N - a +2 leather armour of poison resistance
 P - a +2 robe of fire resistance (worn)
 Q - a +2 pair of gloves (worn)
Jewellery
 h - a ring of protection from fire
 i - an amulet of the acrobat
 m - a ring of see invisible
 E - a ring of protection from cold (left hand)
 F - an amulet of reflection (around neck)
 M - a ring of protection from cold (right hand)
Wands
 a - a wand of paralysis (3)
 b - a wand of flame (26)
 c - a wand of acid (7)
 e - a wand of mindburst (6)
 z - a wand of iceblast (2)
Scrolls
 d - 9 scrolls of teleportation
 j - 3 scrolls of blinking
 o - a scroll of poison {unknown}
 q - a scroll of summoning
 u - 3 scrolls of butterflies
 w - 2 scrolls of brand weapon
 J - a scroll of immolation
 K - a scroll of fear {unknown}
 O - a scroll of enchant weapon {unknown}
Potions
 f - 5 potions of curing
 g - 4 potions of brilliance
 k - 4 potions of haste
 l - 2 potions of might
 n - 4 potions of mutation
 v - 2 potions of heal wounds
 B - a potion of ambrosia
 H - 5 potions of lignification
Miscellaneous
 I - a phial of floods (inert)


   Skills:
 + Level 8.6 Fighting
 * Level 7.1 Ranged Weapons
 - Level 9.1 Dodging
 - Level 6.1 Stealth
 - Level 4.3 Shields
 + Level 8.3 Spellcasting
 + Level 4.1 Invocations
 + Level 4.1 Evocations


You had one spell level left.
You knew the following spells:

 Your Spells              Type           Power      Damage    Failure   Level
a - Foxfire               Conj/Fire      100%       2x1d9     1%          1
b - Scorch                Fire           78%        2d8       1%          2
c - Conjure Flame         Conj/Fire      39%        6-21      1%          3
d - Inner Flame           Hex/Fire       39%        N/A       1%          3
e - Flame Wave            Conj/Fire      39%        2d11      3%          4
f - Magic Dart            Conj           100%       1d8       1%          1
g - Static Discharge      Conj/Air       39%        3-8/arc   1%          2
h - Ensorcelled Hibernat  Hex/Ice        78%        N/A       1%          2
i - Dispel Undead         Necr           39%        3d16      3%          4
j - Sticky Flame          Conj/Fire      39%        2d6       3%          4
Your spell library was empty.

Dungeon Overview and Level Annotations

Branches:
Dungeon (11/15)            Temple (1/1) D:5            Lair (1/5) D:11
    Orc (0/2) D:10          IceCv (1/1)

Altars:
Ashenzari
Cheibriados
Dithmenos
Elyvilon
Fedhas
Gozag
Hepliaklqana
Makhleb
Nemelex Xobeh
Okawaru
Qazlal
Ru
Trog
Uskayaw
Wu Jian
Xom
Yredelemnul
Zin
The Shining One

Shops:
D:1 !   D:3 [!([   D:8 *!:   D:9 !

Annotations:
D:9 exclusion: kobold demonologist IceCv exclusion: ice statue


Innate Abilities, Weirdness & Mutations

You are immune to sickness and miasma.
You are immune to poison.
Your flesh is very heat resistant. (rF++)
You are vulnerable to cold. (rC-)
You float through the air rather than walking.
You learn spells naturally, not from books.
Your magical power is your life essence.
You have superior vitality. (+4 MHP)


Message History

The flame wave engulfs the three-headed hydra simulacrum.
The three-headed hydra simulacrum melts!
The three-headed hydra simulacrum is lightly damaged. (Press . to intensify the flame waves.)
The harpy simulacrum closely misses you.
The harpy simulacrum claws you. The harpy simulacrum freezes you! You resist.
The harpy simulacrum misses you.
You block the harpy simulacrum's attack.
The three-headed hydra simulacrum misses you. x2
You block the three-headed hydra simulacrum's attack.
The ice devil misses you.
A wave of flame ripples out!
The flame wave engulfs the ice devil!
The ice devil is burned terribly!
The ice devil is severely wounded.
The flame wave engulfs the harpy simulacrum!!
The harpy simulacrum melts!
The harpy simulacrum vaporises!
You hear a sizzling sound!
The flame wave engulfs the three-headed hydra simulacrum!
The three-headed hydra simulacrum melts!
The three-headed hydra simulacrum is heavily damaged.
The flame wave engulfs the ice devil!!
The ice devil is burned terribly!
The ice devil is heavily wounded.
The flame wave engulfs the cane toad simulacrum!
The cane toad simulacrum melts!
The cane toad simulacrum is severely damaged.
The flame wave engulfs the death yak simulacrum!
The death yak simulacrum melts!
The death yak simulacrum is moderately damaged.
The flame wave engulfs the ice devil but does no damage.
You block the three-headed hydra simulacrum's attack. x2
The three-headed hydra simulacrum bites you.
* * * LOW HITPOINT WARNING * * *
The three-headed hydra simulacrum freezes you!
You resist.
* * * LOW HITPOINT WARNING * * *
The ice devil hits you.
* * * LOW HITPOINT WARNING * * *
The ice devil freezes you! You resist.
You die...

##...##..#
##..#8..## #.
##..#..####..###.!#
#Z #.....# #..##
#[[# ##. ##...##
##..###### #Y.
##### ###..## ##.#
##.##..# #.Z#
####4Z.#..# ##..
####.#ZZ4.#..# ##.
#....@4.#...## #.
#.....Z4.#..## ##
#8...Z.8##### #.
#.......# ##
#.._....# #
#.......# #..°§.
#8.....8# #.8○..
#......## #.....
#....##


You could see 4 ice devils, a three-headed hydra simulacrum (unable to see you),
a death yak simulacrum (unable to see you), 2 elephant simulacra and a cane toad
simulacrum (unable to see you).

Vanquished Creatures
  Gastronok (D:11)
  A two-headed ogre (D:9)
  Pikel (D:4)
  2 deep elf zephyrmancers (D:11)
  A cyclops (D:11)
  An ugly thing (D:9)
  A manticore (D:11)
  Psyche (D:9)
  An unseen horror (D:10)
  A gargoyle (D:11)
  An unseen horror zombie (D:8)
  An anaconda simulacrum (IceCv)
  5 ice devils
  A freezing wraith (IceCv)
  A hornet (D:10)
  2 polar bears
  A centaur simulacrum (D:10)
  A dire elephant simulacrum (IceCv)
  A shadow (D:10)
  2 steam dragons
  18 yaks
  Grum (D:9)
  2 death yak simulacra (IceCv)
  Menkaure (D:5)
  A harpy simulacrum (IceCv)
  An acid dragon (D:11)
  A hydra simulacrum (IceCv)
  Duvessa (D:5)
  A swamp drake (D:11)
  5 ice beasts
  2 black bears (D:5)
  2 orc warriors
  A sky beast (D:7)
  5 wolves
  An ogre (D:5)
  3 centaurs
  2 lemures (D:4)
  3 phantoms
  5 necrophages
  A kobold brigand (D:11)
  6 bullfrogs
  2 gnoll sergeants (D:11)
  4 scorpions
  A two-headed ogre simulacrum (IceCv)
  A wyvern zombie (D:8)
  12 wights
  4 killer bees
  An elephant simulacrum (IceCv)
  Dowan (D:5)
  5 howler monkeys
  3 electric eels (D:10)
  A crimson imp (D:11)
  2 centaur zombies (D:8)
  A gnoll bouda (D:9)
  8 orc priests
  3 jellies
  5 hounds
  A human zombie (D:8)
  An iron imp (D:11)
  5 iguanas
  22 orc wizards
  A spriggan simulacrum (IceCv)
  4 polar bear simulacra (IceCv)
  2 troll simulacra (IceCv)
  A killer bee zombie (D:8)
  2 wolf simulacra (IceCv)
  A mummy (D:8)
  A howler monkey zombie (D:8)
  11 gnolls
  A naga simulacrum (IceCv)
  9 adders
  5 white imps
  3 ufetubi
  5 worms
  2 dart slugs
  55 orcs
  6 ball pythons
  5 endoplasms
  4 giant cockroaches
  3 hobgoblins
  9 jackals
  3 quokkas
  4 bats
  2 frilled lizards
  6 goblins
  12 kobolds
  4 rats
334 creatures vanquished.

Vanquished Creatures (others)
  An orc wizard (D:11)
  A shadow imp (D:11)
  A white imp (D:11)
  2 orcs (D:11)
  1186 foxfires
  3 plants (D:9)
1194 creatures vanquished.

Grand Total: 1528 creatures vanquished

Notes
Turn   | Place    | Note
-------+----------+-------------------------------------------
     0 | D:1      | lmSkywalker the Djinni Fire Elementalist began the quest
                  | for the Orb.
     0 | D:1      | lmSkywalker set off with the following spells memorised:
                  | Foxfire, Scorch, Conjure Flame, Inner Flame, Flame Wave.
     0 | D:1      | Reached XP level 1. HP: 15/15 MP: 0/0
   250 | D:1      | Reached XP level 2. HP: 16/21 MP: 0/0
   422 | D:1      | Found a faded altar of an unknown god.
   617 | D:1      | Found Nebbyohu's Distillery.
   633 | D:1      | Bought a potion of curing for 39 gold pieces
   888 | D:1      | Reached XP level 3. HP: 18/25 MP: 0/0
   888 | D:1      | Learned a level 1 spell: Magic Dart
  1332 | D:2      | Reached skill level 3 in Dodging
  1735 | D:2      | Reached XP level 4. HP: 18/31 MP: 0/0
  2587 | D:3      | Found Hoem's Antique Armour Shoppe.
  2595 | D:3      | Found Anuo's Weapon Shoppe.
  2777 | D:3      | Found a stormy altar of Qazlal.
  2848 | D:3      | Found a white marble altar of Elyvilon.
  2849 | D:3      | Found a glowing silver altar of Zin.
  2854 | D:3      | Found a glowing golden altar of the Shining One.
  2991 | D:3      | Reached XP level 5. HP: 26/35 MP: 0/0
  2991 | D:3      | Learned a level 2 spell: Static Discharge
  3185 | D:3      | Found Xer Wiam's Distillery.
  3195 | D:3      | Bought a potion of heal wounds for 60 gold pieces
  3329 | D:3      | Found Yhoarchyv's Antique Armour Emporium.
  3603 | D:4      | Noticed a lemure
  3603 | D:4      | Noticed a lemure
  3617 | D:4      | Killed a lemure
  4444 | D:4      | Reached XP level 6. HP: 33/41 MP: 0/0
  4495 | D:4      | Reached skill level 1 in Fighting
  4495 | D:4      | Reached skill level 4 in Dodging
  4495 | D:4      | Reached skill level 1 in Shields
  4720 | D:5      | Entered Level 5 of the Dungeon
  4734 | D:5      | Noticed Duvessa
  4734 | D:5      | Noticed Dowan
  4750 | D:5      | Noticed Menkaure
  4750 | D:5      | Noticed a black bear
  5178 | D:5      | Reached XP level 7. HP: 41/47 MP: 0/0
  5178 | D:5      | Learned a level 2 spell: Ensorcelled Hibernation
  5795 | D:5      | Found a staircase to the Ecumenical Temple.
  5804 | Temple   | Entered the Ecumenical Temple
  6119 | D:3      | Became a worshipper of Elyvilon the Healer
  6481 | D:6      | Reached XP level 8. HP: 48/54 MP: 0/0
  6775 | D:6      | Reached * piety under Elyvilon
  6792 | D:6      | Reached skill level 5 in Dodging
  7653 | D:6      | Reached skill level 5 in Spellcasting
  8179 | D:7      | Found a snail-covered altar of Cheibriados.
  8413 | D:7      | Reached XP level 9. HP: 35/61 MP: 0/0
  8413 | D:7      | Learned a level 4 spell: Dispel Undead
  8627 | D:7      | Reached ** piety under Elyvilon
  8682 | D:7      | Found a burning altar of Makhleb.
  8703 | D:7      | Found a hazy altar of Hepliaklqana.
  8705 | D:7      | Found a shadowy altar of Dithmenos.
  9482 | D:7      | Reached skill level 6 in Dodging
  9599 | D:8      | Reached skill level 5 in Stealth
 10633 | D:8      | Found a sacrificial altar of Ru.
 10665 | D:8      | Reached skill level 1 in Ranged Weapons
 10665 | D:8      | Reached XP level 10. HP: 42/69 MP: 0/0
 10673 | D:8      | Reached skill level 5 in Fighting
 10911 | D:8      | Found Basu's General Store.
 10960 | D:8      | Found Sailyibb's Book Emporium.
 11170 | D:8      | Reached skill level 7 in Dodging
 11811 | D:8      | Found Lyury's Distillery.
 12306 | D:8      | Found an opulent altar of Gozag.
 12462 | D:9      | Reached *** piety under Elyvilon
 12488 | D:9      | Found Hepricie's Distillery.
 13191 | D:9      | Noticed Psyche
 13226 | D:9      | Noticed Grum
 13308 | D:9      | Found a broken altar of Ashenzari.
 13413 | D:9      | Noticed a kobold demonologist
 13849 | D:10     | Entered Level 10 of the Dungeon
 14082 | D:9      | Reached XP level 11. HP: 70/76 MP: 0/0
 14082 | D:9      | Learned a level 4 spell: Sticky Flame
 14099 | D:9      | Noticed a two-headed ogre
 14106 | D:9      | Killed Psyche
 14107 | D:9      | Reached skill level 8 in Dodging
 14122 | D:9      | Killed a two-headed ogre
 15076 | D:9      | Killed Grum
 15157 | D:9      | Noticed a purple ugly thing
 15171 | D:9      | Killed a purple ugly thing
 15563 | D:10     | Reached skill level 9 in Dodging
 16124 | D:10     | Reached **** piety under Elyvilon
 16723 | D:10     | Found a staircase to the Orcish Mines.
 17308 | D:4      | Noticed Pikel
 17318 | D:4      | Killed Pikel
 17582 | D:5      | Reached skill level 5 in Ranged Weapons
 17582 | D:5      | Reached skill level 1 in Invocations
 17582 | D:5      | Reached skill level 1 in Evocations
 18364 | D:5      | Killed Menkaure
 18593 | D:5      | Killed Dowan
 18607 | D:5      | Killed Duvessa
 19175 | D:11     | Noticed a cyclops
 19185 | D:11     | Killed a cyclops
 19186 | D:11     | Reached XP level 12. HP: 74/86 MP: 0/0
 19303 | D:10     | Elyvilon protects you from harm!
 21639 | D:11     | Reached ***** piety under Elyvilon
 21661 | D:11     | Noticed Gastronok
 21680 | D:11     | Killed Gastronok
 21860 | D:11     | Found a staircase to the Lair.
 21996 | Lair:1   | Entered Level 1 of the Lair of Beasts
 22055 | Lair:1   | Found a frozen archway.
 22069 | Lair:1   | Elyvilon protects you from harm!
 22310 | IceCv    | Entered an ice cave
 23864 | IceCv    | Slain by an ice devil

Illustrated notes

Levels and vault maps discovered:
D:1:      dpeg_arrival_short_road, layout_rooms, serial_shops, shop,
          hellmonk_ecumenical_altar_pennies_from_heaven, due_unseen_surprise
D:2:      layout_loops_ring
D:3:      layout_basic, good_gods_temple_1, pf_just_have_faith, serial_shops,
          nicolae_shop_bloodbath_and_beyond, shop, nicolae_square_shop,
          shop_fountains, minmay_pentomino_pile
D:4:      layout_rooms, uniq_pikel
D:5:      minmay_razor_zed, layout_cave_pods, minmay_temple_entry_antechambers,
          kennysheep_nondescript, minmay_statues_item, minmay_tree_intersection,
          uniq_duvessa, uniq_menkaure
D:6:      layout_basic
D:7:      layout_loops_ring, riverfiend_overflow_shadow_ancestor,
          lightli_temple_of_fire, lemuel_round_altar, grunt_ministairs_5
D:8:      layout_rooms, lemuel_round_altar,
          lemuel_mausoleum_altar_kikubaaqudgha, mainiacjoe_overflow_catwalk,
          serial_shops, nicolae_diamond_shop, nicolae_shop_trees,
          nicolae_shop_statue_plus
D:9:      minmay_the_grid_triangle_9x9_rhombus_thin_mashed
          [minmay_the_grid_triangle_9x9_intruding_spiral,
          minmay_the_grid_triangle_9x9_prize_special,
          minmay_the_grid_triangle_9x9_from_above,
          minmay_the_grid_triangle_9x9_tough_junction], layout_stronghold,
          amcnicky_altar_gilded, lemuel_coloured_pillars_altar, serial_shops,
          shop, serial_bayou_ford_a, uniq_grum, uniq_psyche
D:10:     layout_rooms, minmay_orc_entry_temple_small, serial_ice, serial_ice_o,
          serial_ice_j, serial_ice_e, serial_ice_m
D:11:     layout_big_octagon, hangedman_minor_magic, uniq_gastronok
Temple:   nicolae_temple_bog_church
Lair:1:   layout_gridlike, portal_ice_cave_demonic_guard, grunt_megastairs_3
IceCv:    ice_cave_small_necro

Skill      XL: |  1  2  3  4  5  6  7  8  9 10 11 12 |
---------------+-------------------------------------+-----
Stealth        | 2 3 4 5 6 |  6.1
Dodging        | 3 4 5 6 7 9 |  9.1
Spellcasting   | 3 4 5 6 7 8 |  8.3
Fighting       | 1 2 3 4 6 7 8 |  8.6
Shields        | 1 2 3 4 |  4.3
Ranged Weapons | 1 3 5 7 |  7.1
Invocations    | 1 4 |  4.1
Evocations     | 1 4 |  4.1

Action                   |  1- 3 |  4- 6 |  7- 9 | 10-12 || total
-------------------------+-------+-------+-------+-------++-------
Melee: Whip              |     2 |     5 |       |       ||     7
       Dagger            |       |     7 |       |     6 ||    13
 Cast: Foxfire           |    63 |    73 |   149 |   417 ||   702
       Magic Dart        |     5 |    23 |    21 |    25 ||    74
       Conjure Flame     |     1 |     1 |    14 |    14 ||    30
       Scorch            |       |    25 |    80 |   249 ||   354
       Static Discharge  |       |     3 |       |       ||     3
       Flame Wave        |       |       |       |     9 ||     9
       Sticky Flame      |       |       |       |     2 ||     2
       Inner Flame       |       |       |       |     6 ||     6
Invok: Heal Self         |       |       |       |     1 ||     1
Evoke: Phial of floods   |       |       |       |     1 ||     1
  Use: Potion            |       |     1 |       |     1 ||     2
       Scroll            |       |       |     9 |    11 ||    20
Armor: Robe              |     8 |       |     1 |    21 ||    30
Dodge: Dodged            |    15 |     8 |    18 |   102 ||   143
Block: Buckler           |       |       |     4 |    84 ||    88
       Reflection        |       |       |       |    11 ||    11
